 Dungeon Crawl Stone Soup version 0.21.0-24-g2553a33 (webtiles) character file.

2 tidbits the Ducker (level 1, 20/20 HPs)
             Began as a Gnoll Wanderer on Jan 21, 2018.
             Quit the game on level 1 of the Dungeon.
             The game lasted 00:00:46 (107 turns).

tidbits the Ducker (Gnoll Wanderer)                  Turns: 107, Time: 00:00:47

Health: 20/20      AC:  5    Str: 13    XL:     1   Next: 30%
Magic:  2/2        EV: 14    Int: 15    God:
Gold:   23         SH:  0    Dex: 14    Spells: 0/0 levels left

rFire    . . .     SeeInvis .   b - +0 mace
rCold    . . .     Gourm    .   (no shield)
rNeg     . . .     Faith    .   a - +2 leather armour
rPois    .         Spirit   .   (no helmet)
rElec    .         Reflect  .   (no cloak)
rCorr    .         Harm     .   (no gloves)
MR       .....                  (no boots)
Stlth    ++........             (no amulet)
HPRegen  0.06/turn              (no ring)
MPRegen  0.08/turn              (no ring)

@: no status effects
A: distributed training, fangs 1, strong nose
a: no special abilities


You were on level 1 of the Dungeon.
You were not hungry.

You visited 1 branch of the dungeon, and saw 1 of its levels.

You collected 23 gold pieces.

Inventory:

Hand Weapons
 b - a +0 mace (weapon)
Missiles
 e - 18 arrows
Armour
 a - a +2 leather armour (worn)
 c - a +0 ring mail
Comestibles
 d - 2 rations


   Skills:
 + Level 4.4 Fighting
 + Level 0.0 Short Blades
 + Level 0.0 Long Blades
 + Level 2.3 Axes
 + Level 0.0 Maces & Flails
 + Level 0.0 Polearms
 + Level 0.0 Staves
 + Level 0.0 Slings
 + Level 0.0 Bows
 + Level 0.0 Crossbows
 + Level 2.3 Throwing
 + Level 4.4 Armour
 + Level 4.4 Dodging
 + Level 2.1 Stealth
 + Level 0.0 Shields
 + Level 0.0 Unarmed Combat
 + Level 0.0 Spellcasting
 + Level 0.0 Conjurations
 + Level 0.0 Hexes
 + Level 0.0 Charms
 + Level 0.0 Summonings
 + Level 0.0 Necromancy
 + Level 0.0 Translocations
 + Level 0.0 Transmutations
 + Level 0.0 Fire Magic
 + Level 0.0 Ice Magic
 + Level 0.0 Air Magic
 + Level 0.0 Earth Magic
 + Level 0.0 Poison Magic
 + Level 0.0 Invocations
 + Level 2.3 Evocations


You couldn't memorise any spells.
You didn't know any spells.

Dungeon Overview and Level Annotations

Branches:
Dungeon (1/15)

Altars:


Innate Abilities, Weirdness & Mutations

Your experience applies equally to all skills.
You have very sharp teeth.
Your uncanny sense of smell can sniff out nearby items.


Message History

Welcome, tidbits the Gnoll Wanderer.
The bosom of this dungeon contains the fabled artefact, the Orb of Zot.
Press ? for a list of commands and other information.
Found 16 gold pieces.
Found a staircase leading out of the dungeon.
You now have 16 gold pieces.
Found a ration.
d - 2 rations (gained 1)
Found 24 sling bullets and a spear.
Found 7 gold pieces.
A bat comes into view.
Found 18 arrows.
The bat completely misses you.
You hit the bat but do no damage. You bite the bat.
The bat is moderately wounded.
The bat closely misses you. The bat hits you but does no damage.
You barely miss the bat.
The bat is moderately wounded.
The bat hits you but does no damage. The bat barely misses you.
You see here a spear.
You hit the bat but do no damage. Your bite misses the bat.
The bat is moderately wounded.
The bat closely misses you. The bat hits you. The bat barely misses you.
You barely miss the bat. Your bite misses the bat. The bat barely misses you.
The bat closely misses you.
You closely miss the bat. Your bite misses the bat. The bat barely misses you.
You hit the bat. Your bite misses the bat.
The bat is moderately wounded.
The bat barely misses you. The bat barely misses you. The bat misses you.
Things that are here:
18 arrows; a scroll labeled ZOURAE DEDARY
As you read the scroll labeled ZOURAE DEDARY, it crumbles to dust.
It is a scroll of identify.
You don't have any unidentified items.
The bat misses you. The bat closely misses you.
You hit the bat.
You kill the bat!
e - 18 arrows A hobgoblin comes into view.
The hobgoblin shouts!
Found 16 sling bullets.
The hobgoblin misses you.
You hit the hobgoblin.
You bite the hobgoblin, but do no damage.
The hobgoblin is almost dead.
The hobgoblin hits you. x2
You hit the hobgoblin but do no damage.
The hobgoblin is almost dead.
The hobgoblin misses you.
You barely miss the hobgoblin. Your bite misses the hobgoblin.
The hobgoblin is almost dead.
The hobgoblin barely misses you. x2
You closely miss the hobgoblin.
The hobgoblin is almost dead.
The hobgoblin hits you.
You closely miss the hobgoblin.
The hobgoblin is almost dead.
The hobgoblin closely misses you.
You closely miss the hobgoblin.
The hobgoblin is almost dead.
The hobgoblin hits you but does no damage. x2
You barely miss the hobgoblin.
The hobgoblin is almost dead.
The hobgoblin barely misses you.
You completely miss the hobgoblin.
The hobgoblin is almost dead.
The hobgoblin completely misses you. The hobgoblin misses you.
You closely miss the hobgoblin.
The hobgoblin is almost dead.
The hobgoblin closely misses you.
You hit the hobgoblin.
You kill the hobgoblin!
You now have 23 gold pieces (gained 7).
Found a puce potion.
f - a puce potion It was a potion of curing.
You feel better.
Are you sure you want to abandon this character and quit the game? (Confirm with "yes".)

#.#.### #.#
#.#.# #.# #.#.#
#.# ..#.# #.#
###.# #.# #.#
#.#
#############.##
.......@.......#
################


There were no monsters in sight!

Vanquished Creatures
  A hobgoblin (D:1)
  A bat (D:1)
2 creatures vanquished.

Notes
Turn   | Place    | Note
-------+----------+-------------------------------------------
     0 | D:1      | tidbits the Gnoll Wanderer began the quest for the Orb.
     0 | D:1      | tidbits set off with: a +2 leather armour, a +0 mace, a +0 ring mail, a ration
     0 | D:1      | Reached XP level 1. HP: 20/20 MP: 2/2
   107 | D:1      | Quit the game

Action                   || total
-------------------------++-------
Melee: Mace              ||    17
       Bite              ||     2
  Use: Scroll            ||     1
       Potion            ||     1
Armor: Leather armour    ||     4
Dodge: Dodged            ||    22

Table legend:
 A = Turns spent in this place as a percentage of turns spent in the entire game.
 B = Non-inter-level travel turns spent in this place as a percentage of non-inter-level travel turns spent in the entire game.
 C = Inter-level travel turns spent in this place as a percentage of turns spent in this place.
 D = Turns resting spent in this place as a percentage of non-inter-level travel turns spent in this place.
 E = Turns spent auto-exploring this place as a percentage of non-inter-level travel turns spent in this place.
 F = Non-inter-level travel turns spent in this place divided by the number of levels of this place that you've seen.
                   A       B       C       D       E      F
               +-------+-------+-------+-------+-------+----------------------
         Total | 100.0 | 100.0 |   0.0 |   0.0 |   0.0 | 107.0
       Dungeon | 100.0 | 100.0 |   0.0 |   0.0 |   0.0 | 107.0
               +-------+-------+-------+-------+-------+----------------------

Table legend:
 A = Kills in this place as a percentage of kills in entire the game.
 B = Kills by you in this place as a percentage of kills by you in the entire game.
 C = Kills by friends in this place as a percentage of kills by friends in the entire game.
 D = Other kills in this place as a percentage of other kills in the entire game.
 E = Experience gained in this place as a percentage of experience gained in the entire game.
 F = Experience gained in this place divided by the number of levels of this place that you have seen.
                   A       B       C       D       E      F
               +-------+-------+-------+-------+-------+----------------------
         Total | 100.0 | 100.0 |   N/A |   N/A | 100.0 |   3.0
       Dungeon | 100.0 | 100.0 |   N/A |   N/A | 100.0 |   3.0
               +-------+-------+-------+-------+-------+----------------------

Vault maps used:
D:1:      matt_arrival_spirals, tso_altar
